 Dungeon Crawl Stone Soup version 0.27-a0-1502-g47ed6a6988 (webtiles) character file.

Game seed: 14581597897223490709

10112 wesbby the Spear-Bearer (level 11, -28/69 (70) HPs)
             Began as a Minotaur Berserker on July 8, 2021.
             Was a High Priest of Trog.
             Blown up by a cacodemon (31 damage)
             ... with a bolt of energy
             ... on level 1 of the Abyss.
             The game lasted 00:19:56 (11041 turns).

wesbby the Spear-Bearer (Minotaur Berserker)       Turns: 11041, Time: 00:19:57

HP:   -28/69 (70)   AC: -18   Str: 22      XL:     11   Next: 31%
MP:   0/6           EV:  4    Int:  0      God:    Trog [*****.]
Gold: 574           SH: 15    Dex:  8 (9)  Spells: 10/10 levels left

rFire    . . .     SeeInvis .   a - +4 spear
rCold    . . .     Faith    .   j - +0 tower shield
rNeg     + . .     Spirit   +   q - +0 plate armour
rPois    .         Reflect  .   (helmet restricted)
rElec    .         Harm     .   i - +0 cloak
rCorr    .         Rampage  .   (no gloves)
Will     .....     Rnd*Rage +   (no boots)
Stlth    ..........             d - amulet of guardian spirit
HPRegen  0.00/turn              p - ring of positive energy
MPRegen  0.10/turn              (no ring)

@: corroded, hasted and slowed, lost intelligence, lightly drained
A: horns 2, retaliatory headbutt, [berserk 3], [deterioration 2], [dopey 2],
[frail 3], [low mp 3], [screaming 2], [inhibited regeneration], [weak 2], [no
potion heal 2], [subdued magic 3]
a: Renounce Religion, Berserk, Trog's Hand, Brothers in Arms


You were on level 1 of the Abyss.
You worshipped Trog.
Trog was extremely pleased with you.
You visited 1 branch of the dungeon, and saw 11 of its levels.
You visited the Abyss 1 time.
You also visited: Bailey.

You collected 574 gold pieces.

Inventory:

Hand Weapons
 a - a +4 spear (weapon)
 f - the +0 trident of Vuv Xoss {speed, rPois Str-3 SInv Stlth-}
   (You found it on level 1 of the Abyss)

   Attacks with this weapon are significantly faster.
   Str:       It affects your strength (-3).
   rPois:     It protects you from poison.
   SInv:      It lets you see invisible.
   Stlth:     It makes you less stealthy.
 r - a +1 glaive of venom
Missiles
 C - 2 curare-tipped darts (quivered)
Armour
 b - a +0 animal skin
 h - a +0 ring mail
 i - a +0 cloak (worn)
 j - a +0 tower shield (worn)
 n - a +0 chain mail
 q - a +0 plate armour (worn)
Jewellery
 d - an amulet of guardian spirit (around neck)
 p - a ring of positive energy (left hand)
 w - a ring of fire
Wands
 t - a wand of digging (2)
 u - a wand of polymorph (10)
 D - a wand of charming (10)
 E - a wand of acid (13)
Scrolls
 e - a scroll of amnesia
 g - a scroll of immolation
 o - 2 scrolls of magic mapping
 y - 10 scrolls of identify
 A - a scroll of fear {unknown}
 F - 2 scrolls of blinking {unknown}
 G - 2 scrolls of enchant armour {unknown}
 H - a scroll of enchant weapon
Potions
 c - 4 potions of curing
 k - 2 potions of attraction
 l - a potion of magic
 m - a potion of mutation
 s - 3 potions of invisibility
 v - a potion of cancellation {unknown}
 x - 2 potions of resistance {unknown}
 B - a potion of flight {unknown}
 I - a potion of lignification {unknown}
Miscellaneous
 J - a piece from Xom's chessboard (15/15)


   Skills:
 * Level 10.2 Fighting
 * Level 12.9 Polearms
 * Level 12.4 Armour
 + Level 3.1 Dodging
 + Level 6.0 Shields


You had 10 spell levels left.
You didn't know any spells.
Your spell library was empty.

Dungeon Overview and Level Annotations

Branches:
Dungeon (11/15)            Temple (0/1) D:4            Lair (0/6) D:8
    Orc (0/2) D:10         Bailey (visited)

Altars:
Ashenzari
Cheibriados
Elyvilon
Trog
Uskayaw
Wu Jian
Yredelemnul

Shops:
D:1 [   D:5 *   D:7 (

Annotations:
D:11 Erolcha, Nergalle


Innate Abilities, Weirdness & Mutations

You have a pair of horns on your head.
You reflexively headbutt those who attack you in melee.
[You have an uncontrollable temper.]
[Your body often deteriorates upon taking damage.]
[You are very dopey. (Int -4)]
[You are extremely frail. (-30% HP)]
[Your magical capacity is extremely low. (-30% MP)]
[You frequently scream uncontrollably at your foes.]
[You do not regenerate when monsters are visible.]
[You are very weak. (Str -4)]
[Potions cannot restore your health.]
[Your spells are much easier to cast, but much less powerful.]


Message History

The rust devil is almost dead.
The rust devil hits you! The rust devil corrodes you!
You block the rust devil's attack.
You hit the rust devil but do no damage.
Your headbutt misses the rust devil.
The rust devil is almost dead.
The rust devil hits you! The rust devil corrodes you!
You barely miss the rust devil.
The rust devil is almost dead.
You block the rust devil's attack.
You hit the rust devil but do no damage.
Your headbutt misses the rust devil.
The rust devil is severely wounded.
You block the rust devil's attack.
The wretched star pulses with an eldritch light!
You feel less energetic. You block the rust devil's attack.
You feel yourself speed up. The rust devil hits you!
* * * LOW HITPOINT WARNING * * *
The rust devil corrodes you! You block the rust devil's attack.
You block the rust devil's attack.
The wretched star glows turbulently.
The lance of force hits you!
* * * LOW HITPOINT WARNING * * *
You are knocked back by the lance of force.
You slam into the rock wall!
* * * LOW HITPOINT WARNING * * *
You scream at the deep elf elementalist!
A deep elf elementalist comes into view.
It is wielding a +0 rapier.
The deep elf elementalist shouts!
You hear a shout!
You hear a roar!
You hear a shout!
You recover from your berserk rage.
The wretched star pulses with an eldritch light!
Your connection to magic feels nearly dormant.
A cacodemon comes into view.
The cacodemon shouts!
You hear a shout!
The cacodemon gestures at you. The bolt of energy hits you!!
You die...

. ## ./....##...#.e
# ...
.#..#......... ..
.#
.#......#..##.#.. #
. #..###*X# ##..
##..##.#..#..##.# #
...# #
#.##.....##.## . #
.....#..X#.#..#.# #
..#..##.....4#....#
.....#..#@##..
.##.##..#....2...
... ##.#.#.##..#
#..# #....## #.
..... ...#.. ... #.
### ..


You could see a cacodemon, a wretched star, 2 large abominations and a rust
devil.

Vanquished Creatures
  2 two-headed ogres
  Pikel (D:4)
  An ugly thing (D:11)
  A deep elf pyromancer (D:10)
  Joseph (D:7)
  A gargoyle (D:10)
  Psyche (D:9)
  Grinder (D:3)
  A wraith (D:6)
  2 wyverns
  5 yaks (D:8)
  A warg (D:10)
  5 water moccasins
  10 orc warriors
  An ice beast (D:5)
  A hornet zombie (D:7)
  A necrophage (D:6)
  A black bear (D:7)
  A sky beast (D:8)
  3 ogres
  4 centaurs
  2 phantoms
  3 kobold brigands (D:8)
  2 bullfrogs (D:8)
  2 scorpions (D:6)
  A wyvern skeleton (D:6)
  A water moccasin skeleton (D:6)
  6 killer bees (D:10)
  5 wights (D:8)
  3 howler monkeys (D:7)
  2 bullfrog zombies (D:6)
  4 centaur zombies
  3 jellies
  A gnoll shaman (D:5)
  5 orc priests
  5 hounds
  2 iguanas (D:5)
  10 orc wizards
  2 killer bee zombies
  A mummy (D:5)
  A howler monkey zombie (D:8)
  9 gnolls
  8 adders
  A howler monkey skeleton (D:5)
  2 ufetubi
  2 adder skeletons (D:4)
  A worm (D:4)
  A dart slug (D:1)
  37 orcs
  7 ball pythons
  4 bats
  7 endoplasms
  2 giant cockroaches (D:3)
  9 goblins
  3 hobgoblins
  3 jackals
  6 kobolds
  3 quokkas
  2 kobold zombies (D:5)
  A rat (D:2)
214 creatures vanquished.

Notes
Turn   | Place    | Note
-------+----------+-------------------------------------------
     0 | D:1      | wesbby the Minotaur Berserker began the quest for the Orb.
     0 | D:1      | Reached XP level 1. HP: 19/19 MP: 0/0
    16 | D:1      | Found a faded altar of an unknown god.
   308 | D:1      | Reached XP level 2. HP: 16/27 MP: 1/1
   595 | D:1      | Found Umagruk's Antique Armour Shop.
  1282 | D:2      | Found a broken altar of Ashenzari.
  1435 | D:2      | Reached XP level 3. HP: 34/34 MP: 2/2
  1530 | D:2      | You fall into a shaft and drop 1 floor!
  1676 | D:2      | Reached XP level 4. HP: 41/41 MP: 3/3
  1908 | D:3      | Reached ** piety under Trog
  2031 | D:3      | Noticed Grinder
  2032 | D:3      | Reached skill level 5 in Polearms
  2048 | D:3      | Killed Grinder
  2049 | D:3      | Reached skill level 5 in Fighting
  2049 | D:3      | Reached XP level 5. HP: 48/48 MP: 1/4
  2049 | D:3      | Reached XP level 6. HP: 56/56 MP: 1/5
  2551 | D:4      | Noticed Pikel
  2559 | D:4      | Killed Pikel
  2560 | D:4      | Reached skill level 5 in Armour
  2560 | D:4      | Reached XP level 7. HP: 64/64 MP: 2/6
  2897 | D:4      | Found a staircase to the Ecumenical Temple.
  3331 | D:4      | Reached XP level 8. HP: 71/71 MP: 7/7
  3554 | D:4      | Identified a scroll of acquirement
  3554 | D:4      | Acquired a +1 glaive of venom
  3570 | D:5      | Entered Level 5 of the Dungeon
  3642 | D:5      | Found Afo Rib's Mass Market.
  3929 | D:5      | Found an ornate altar of the Wu Jian Council.
  4281 | D:5      | Found a basalt altar of Yredelemnul.
  4334 | D:5      | Reached *** piety under Trog
  4804 | D:6      | Reached skill level 10 in Polearms
  5063 | D:6      | Reached XP level 9. HP: 79/79 MP: 8/8
  5716 | D:6      | Found a bloodstained altar of Trog.
  5732 | D:6      | Found a white marble altar of Elyvilon.
  6084 | D:7      | Noticed Joseph
  6101 | D:7      | Killed Joseph
  6102 | D:7      | Reached skill level 1 in Shields
  6298 | D:7      | Found Ycig's Antique Weapon Shoppe.
  6667 | D:8      | Found a snail-covered altar of Cheibriados.
  6668 | D:8      | Found a staircase to the Lair.
  6807 | D:8      | Reached **** piety under Trog
  7202 | D:8      | Reached XP level 10. HP: 68/90 MP: 6/9
  7335 | D:8      | Reached skill level 10 in Armour
  7783 | D:8      | Paralysed by a hornet for 3 turns
  8524 | D:9      | Noticed a two-headed ogre
  8530 | D:9      | Killed a two-headed ogre
  8542 | D:9      | Found a flagged portal.
  8556 | Bailey   | Entered a bailey
  8907 | D:9      | Reached ***** piety under Trog
  9241 | D:9      | Noticed Psyche
  9252 | D:9      | Killed Psyche
  9385 | D:9      | Found a hide-covered altar of Uskayaw.
  9583 | D:10     | Entered Level 10 of the Dungeon
  9753 | D:10     | Found a staircase to the Orcish Mines.
  9898 | D:10     | Noticed a two-headed ogre
  9906 | D:10     | Killed a two-headed ogre
  9907 | D:10     | Reached skill level 5 in Shields
  9907 | D:10     | Reached XP level 11. HP: 99/99 MP: 5/10
 10080 | D:10     | Noticed a deep elf pyromancer
 10088 | D:10     | Killed a deep elf pyromancer
 10089 | D:10     | Reached skill level 10 in Fighting
 10602 | D:11     | Noticed a white ugly thing
 10617 | D:11     | Killed a white ugly thing
 10810 | D:11     | Noticed Erolcha
 10812 | D:11     | Noticed Nergalle
 10876 | D:11     | Cast into level 1 of the Abyss (Erolcha)
 10934 | Abyss:1  | Identified the +0 trident of Vuv Xoss {speed, rPois Str-3
                  | SInv Stlth-}
 10979 | Abyss:1  | Noticed a wretched star
 10987 | Abyss:1  | Noticed a tentacled starspawn
 10988 | Abyss:1  | Lost intelligence.
 11034 | Abyss:1  | HP: 3/69 [rock wall collision (7)]
 11039 | Abyss:1  | Noticed a deep elf elementalist
 11041 | Abyss:1  | Noticed a cacodemon
 11041 | Abyss:1  | Blown up by a cacodemon

Illustrated notes

Levels and vault maps discovered:
D:1:      heliophobic_arrival_enchanted_forest, layout_basic, serial_shops,
          nicolae_lakefront_shop, basic_ecumenical_altar
D:2:      layout_basic, basic_altar, amcnicky_mini_pool_small, minmay_3d_cube
D:3:      layout_loops_ring, uniq_grinder
D:4:      layout_basic, minmay_temple_entry_mini_moons, uniq_pikel
D:5:      layout_loops_corners, mainiacjoe_overflow_alcove_4,
          nzn_wu_jian_council_hall, nicolae_ossuary_entry_giza, minmay_shop_mass
D:6:      cheibrodos_fzero, layout_basic, mainiacjoe_overflow_swirl
D:7:      layout_cave_pools, nicolae_take_the_stairs, uniq_joseph
D:8:      minmay_octagon_keep, layout_loops_ring, mainiacjoe_overflow_boulevard,
          kennysheep_generic_room_4
D:9:      layout_big_octagon, mainiacjoe_overflow_alcove_1, enter_bailey_5,
          uniq_psyche
D:10:     layout_small_grid, david_orc_3
D:11:     evilmike_library_of_no_secrets, layout_long_grid, serial_shops,
          nicolae_lakefront_shop, hangedman_decor_clover_reticule,
          uniq_nergalle, uniq_erolcha
Abyss:1:  base: D:1, evilmike_abyss_exit_10, evilmike_abyss_exit_10

Skill      XL: |  1  2  3  4  5  6  7  8  9 10 11 |
---------------+----------------------------------+-----
Fighting       | 4 5 6 7 8 9 10 | 10.2
Polearms       | 4 6 7 8 10 11 12 | 12.9
Armour         | 3 5 7 9 12 | 12.4
Dodging        | 3 |  3.1
Shields        | 2 5 6 |  6.0

Action                   |  1- 3 |  4- 6 |  7- 9 | 10-12 || total
-------------------------+-------+-------+-------+-------++-------
Melee: Spear             |    73 |    49 |   224 |   368 ||   714
       Headbutt          |     6 |     4 |    42 |    71 ||   123
       Glaive            |       |       |   103 |       ||   103
Throw: Throwing net      |       |       |       |     1 ||     1
Invok: Berserk           |       |     3 |     9 |    19 ||    31
  Use: Scroll            |     7 |     2 |     9 |     5 ||    23
       Potion            |     1 |     1 |     1 |     2 ||     5
Armor: Animal skin       |     1 |       |       |       ||     1
       Chain mail        |    23 |     5 |       |       ||    28
       Ring mail         |     4 |       |       |       ||     4
       Plate armour      |       |     8 |   193 |   246 ||   447
Dodge: Dodged            |    21 |    12 |    86 |    64 ||   183
Block: Tower shield      |       |       |    60 |   318 ||   378

Table legend: (Time is in decaauts)
 A = Elapsed time spent in this place.
 B = Non-inter-level travel time spent in this place.
 C = Inter-level travel time spent in this place.
 D = Time resting spent in this place.
 E = Time spent auto-exploring this place.
 F = Levels seen in this place.
 G = Mean time per level.
                   A        B        C        D        E       F      G
               +--------+--------+--------+--------+--------+-----+--------+
         Total |  11252 |  10380 |    872 |   1823 |   6936 |  13 |  865.5 |
       Dungeon |  10759 |   9887 |    872 |   1606 |   6912 |  11 |  978.1 |
         Abyss |    171 |    171 |      0 |      0 |      0 |   1 |  171.0 |
        Bailey |    322 |    322 |      0 |    217 |     24 |   1 |  322.0 |
               +--------+--------+--------+--------+--------+-----+--------+

Top non-repeatable levels by time:
     D:8: 2063 daAuts
     D:5: 1415 daAuts
     D:1: 1149 daAuts
     D:6: 1091 daAuts
    D:10: 1044 daAuts
     D:4: 1019 daAuts
     D:3: 726 daAuts
     D:9: 685 daAuts
     D:2: 681 daAuts
     D:7: 599 daAuts
  Bailey: 322 daAuts
    D:11: 283 daAuts
 Abyss:1: 171 daAuts
